 Dungeon Crawl Stone Soup version 0.27.1-34-g3ba077fa99 (webtiles) character file.

Game seed: 5416021174442936039

36 cbfl8 the Sneak (level 3, -2/33 HPs)
             Began as a Minotaur Delver on Jan 20, 2022.
             Slain by a kobold (3 damage)
             ... on level 4 of the Dungeon.
             The game lasted 00:00:41 (116 turns).

cbfl8 the Sneak (Minotaur Delver)                    Turns: 116, Time: 00:00:41

Health: -2/33      AC:  3    Str: 17    XL:     3   Next: 19%
Magic:  2/2        EV: 12    Int:  7    God:
Gold:   27         SH:  0    Dex: 11    Spells: 2/2 levels left

rFire    . . .     SeeInvis .   a - +0 hand axe
rCold    . . .     Faith    .   (no shield)
rNeg     . . .     Spirit   .   b - +0 leather armour
rPois    .         Reflect  .   (helmet restricted)
rElec    .         Harm     .   (no cloak)
rCorr    .         Rampage  .   (no gloves)
Will     .....                  (no boots)
Stlth    ++........             (no amulet)
HPRegen  0.11/turn              (no ring)
MPRegen  0.08/turn              (no ring)

@: no status effects
A: horns 2, retaliatory headbutt
a: no special abilities


You were on level 4 of the Dungeon.
You visited 1 branch of the dungeon, and saw 2 of its levels.

You collected 27 gold pieces.

Inventory:

Hand Weapons
 a - a +0 hand axe (weapon)
Armour
 b - a +0 leather armour (worn)
Wands
 g - a wand of digging (3)
Scrolls
 c - 3 scrolls of fog
 e - a scroll of fear
Potions
 f - a potion of haste


   Skills:
 + Level 4.1 Fighting
 + Level 2.6 Axes
 + Level 0.1 Armour
 + Level 2.2 Dodging
 + Level 4.7 Stealth


You had 2 spell levels left.
You didn't know any spells.
Your spell library was empty.

Dungeon Overview and Level Annotations

Branches:
Dungeon (5/15)
 Temple: D:4-7

Altars:
Vehumet


Innate Abilities, Weirdness & Mutations

You have a pair of horns on your head.
You reflexively headbutt those who attack you in melee.


Message History

You have reached level 2!
You have reached level 3!
Your experience leads to an increase in your attributes!
Increase (S)trength, (I)ntelligence, or (D)exterity?
You feel stronger. The orc hits you with a +0 flail!
The endoplasm jiggles.
You barely miss the orc. You hit the kobold but do no damage.
You hit the endoplasm. The orc hits you with a +0 flail.
* * * LOW HITPOINT WARNING * * *
The kobold hits you with a +0 short sword.
* * * LOW HITPOINT WARNING * * *
The endoplasm completely misses you.
The kobold hits you with a +0 short sword.
* * * LOW HITPOINT WARNING * * *
The orc closely misses you.
Unknown command.
You closely miss the orc. You headbutt the orc.
The orc is lightly wounded.
You hit the kobold but do no damage. You hit the endoplasm but do no damage.
The endoplasm misses you. The orc barely misses you.
The kobold hits you but does no damage. The endoplasm completely misses you.
You furiously retaliate!
You headbutt the endoplasm.
You kill the endoplasm!
You slash the orc!
You kill the orc!
You hit the hound. You miss the kobold. The hound misses you.
You furiously retaliate!
You headbutt the hound!
The kobold hits you with a +0 short sword.
* * * LOW HITPOINT WARNING * * *
Unknown command.
The hound closely misses you. The kobold barely misses you.
The hound bites you but does no damage.
You see here a +0 flail.
You barely miss the hound. Your headbutt misses the hound.
The hound is heavily wounded.
You hit the kobold. The hound bites you.
* * * LOW HITPOINT WARNING * * *
The kobold hits you with a +0 short sword.
You die...

.###.###.###........##..
. .. ...##..$.......#..
..# #####.............
#.)......!....
#............#
#............#
###....w....#
#...........#
#.......h@K.$.#
###...........#
#...........#
.............#
##............#
#...........##
............
#.#...######.


You could see a worm, a hound and a kobold.

Vanquished Creatures
  A hound (D:4)
  An orc (D:4)
  A ball python (D:4)
  An endoplasm (D:4)
  A kobold (D:4)
5 creatures vanquished.

Notes
Turn   | Place    | Note
-------+----------+-------------------------------------------
     0 | D:5      | cbfl8 the Minotaur Delver began the quest for the Orb.
     0 | D:5      | Reached XP level 1. HP: 19/19 MP: 0/0
    31 | D:5      | Noticed a black bear
    98 | D:4      | Noticed a hound
   110 | D:4      | Killed a hound
   110 | D:4      | Noticed a hound
   111 | D:4      | Reached XP level 2. HP: 15/27 MP: 1/1
   111 | D:4      | Reached XP level 3. HP: 19/33 MP: 2/2
   114 | D:4      | HP: 1/33 [kobold (1)]
   116 | D:4      | Slain by a kobold

Illustrated notes

Levels and vault maps discovered:
D:4:      layout_rooms, lemuel_temple_firewalk_b
D:5:      layout_loops_ring, vehumet_altar_wand_db, tso_metal_star,
          nicolae_ossuary_entry_plus, cheibrodos_sewer_entry_bend,
          minmay_diced_spiral, uniq_grinder

Skill      XL: |  1 |
---------------+----+-----
Fighting       | 4 |  4.1
Axes           | |  2.6
Armour         | |  0.1
Dodging        | |  2.2
Stealth        | |  4.7

Action                   || total
-------------------------++-------
Melee: Hand axe          ||     9
       Headbutt          ||     2
  Use: Scroll            ||     1
 Stab: Sleeping          ||     1
Armor: Leather armour    ||     3
Dodge: Dodged            ||    12
